 Dungeon Crawl Stone Soup version 0.27-a0-1154-gfdeffcb720 (webtiles) character file.

Game seed: 12225706756217745323

542 robertstho the Magician (level 7, -4/47 HPs)
             Began as a Djinni Ice Elementalist on May 14, 2021.
             Slain by a phantom (7 damage)
             ... on level 4 of the Dungeon.
             The game lasted 00:09:27 (5458 turns).

robertstho the Magician (Djinni Ice Elementalist)   Turns: 5458, Time: 00:09:28

Health: -4/47      AC:  3    Str:  7    XL:     7   Next: 52%
Gold:   79         EV: 13    Int: 18    God:
                   SH:  0    Dex: 14

rFire    + + .     SeeInvis .   c - +0 dagger
rCold    x . .     Faith    .   (no shield)
rNeg     . . .     Spirit   .   a - +0 robe
rPois    ∞         Reflect  .   (no helmet)
rElec    .         Harm     .   (no cloak)
rCorr    .         Rampage  .   i - +0 pair of gloves
Will     .....                  (boots unavailable)
Stlth    ++........             (no amulet)
HPRegen  0.15/turn              (no ring)
MPRegen  0.00/turn              (no ring)

@: about to teleport, attractive, flying
A: sickness immunity, fire resistance 2, cold vulnerability 1, float, innate
caster, hp casting, extra vitality 1
a: no special abilities


You were on level 4 of the Dungeon.
You visited 1 branch of the dungeon, and saw 4 of its levels.

You collected 79 gold pieces.

Inventory:

Hand Weapons
 c - a +0 dagger (weapon)
Armour
 a - a +0 robe (worn)
 i - a +0 pair of gloves (worn)
Scrolls
 e - a scroll of teleportation
 h - a scroll of identify
 j - a scroll of enchant weapon {unknown}
Potions
 b - 3 potions of lignification


   Skills:
 + Level 1.5 Fighting
 + Level 1.7 Short Blades
 + Level 3.3 Dodging
 + Level 2.8 Stealth
 + Level 0.1 Unarmed Combat
 + Level 5.5 Spellcasting


You couldn't memorise any spells.
You knew the following spells:

 Your Spells              Type           Power      Damage    Failure   Level
a - Freeze                Ice            100%       1d11      1%          1
b - Frozen Ramparts       Ice            50%        1d7       3%          3
c - Ozocubu's Armour      Ice            25%        N/A       3%          3
d - Hailstorm             Conj/Ice       25%        3d7       13%         4
e - Metabolic Englaciati  Hex/Ice        12%        N/A       34%         5
f - Shock                 Conj/Air       100%       1d9       1%          1
g - Searing Ray           Conj           50%        3d5       1%          2
h - Call Imp              Summ           25%        N/A       1%          2
Your spell library was empty.

Dungeon Overview and Level Annotations

Branches:
Dungeon (4/15)
 Temple: D:4-7

Altars:


Innate Abilities, Weirdness & Mutations

You are immune to sickness and miasma.
You are immune to poison.
Your flesh is very heat resistant. (rF++)
You are vulnerable to cold. (rC-)
You float through the air rather than walking.
You learn spells naturally, not from books.
Your magical power is your life essence.
You have superior vitality. (+4 HP)


Message History

The orc is lightly wounded.
The orc hits you with a +0 club. The phantom closely misses you.
Your shadow imp closely misses the phantom.
Your crimson imp barely misses the phantom.
Casting: Freeze (safe; 1% risk of failure)
Confirm with . or Enter, or press ? or * to list all spells.
Aiming: Freeze (safe; 1% risk of failure)
Press: ? - help, Shift-Dir - straight line, f/p - orc
Aim: an orc, wielding a +0 club (lightly wounded)
You freeze the orc!
You kill the orc!
Your shadow imp hits the phantom.
The phantom hits you.
* * * LOW HITPOINT WARNING * * *
The orc barely misses you.
Your crimson imp blinks!
Okay, then.
Your shadow imp barely misses the phantom.
The phantom hits you!
* * * LOW HITPOINT WARNING * * *
The phantom blinks!
You blink.
The orc hits your shadow imp with a +1 dagger of holy wrath.
Your shadow imp convulses.
Unknown command.
Your shadow imp hits the phantom but does no damage.
The orc hits your shadow imp but does no damage.
Your crimson imp barely misses the orc.
The orc closely misses your shadow imp.
Your shadow imp hits the orc.
Your crimson imp hits the orc.
It was a potion of attraction.
You feel attractive to monsters.
The orc hits your shadow imp but does no damage.
The phantom closely misses you.
Your shadow imp hits the orc.
The orc dies!
It was a potion of magic.
Magic courses through your body. The phantom hits you.
* * * LOW HITPOINT WARNING * * *
The phantom blinks!
You blink.
The orc is pulled toward you!
As you read the scroll of teleportation, it crumbles to dust.
You feel strangely unstable. The orc barely misses you. The phantom hits you!
You die...

###).#######
#.)# #.5#
#####.5##
.........#
########§#
#.# #o# #@#
......W.#
#########


You could see a phantom (ally target), an orc, a friendly crimson imp (summoned)
and a friendly shadow imp (summoned).

Vanquished Creatures
  A necrophage (D:4)
  An ogre (D:4)
  A water moccasin skeleton (D:4)
  2 orc priests (D:3)
  Natasha (twice) (D:2)
  An iguana (D:4)
  An orc wizard (D:4)
  6 adders
  An ufetubus (D:4)
  5 worms
  14 orcs
  2 bats
  2 endoplasms
  2 giant cockroaches (D:1)
  4 hobgoblins
  16 jackals
  6 kobolds
  A quokka (D:4)
  3 ball pythons
  3 frilled lizards
  4 goblins
  6 rats
84 creatures vanquished.

Vanquished Creatures (collateral kills)
  An orc (D:4)
1 creature vanquished.

Grand Total: 85 creatures vanquished

Notes
Turn   | Place    | Note
-------+----------+-------------------------------------------
     0 | D:1      | robertstho the Djinni Ice Elementalist began the quest for
                  | the Orb.
     0 | D:1      | Reached XP level 1. HP: 15/15 MP: 0/0
   509 | D:1      | Reached XP level 2. HP: 11/21 MP: 0/0
  1345 | D:1      | Found a faded altar of an unknown god.
  1419 | D:2      | Reached XP level 3. HP: 11/25 MP: 0/0
  1419 | D:2      | Learned a level 1 spell: Shock
  2012 | D:2      | Reached skill level 4 in Spellcasting
  2288 | D:2      | Reached XP level 4. HP: 19/31 MP: 0/0
  2797 | D:2      | Noticed Natasha
  2801 | D:2      | Killed Natasha
  2933 | D:2      | Noticed Natasha
  2944 | D:2      | Killed Natasha
  2945 | D:2      | Reached XP level 5. HP: 20/36 MP: 0/0
  2945 | D:2      | Learned a level 2 spell: Searing Ray
  3905 | D:3      | Reached skill level 1 in Fighting
  3905 | D:3      | HP: 1/37 [orc priest/divine providence (13)]
  3906 | D:3      | Reached XP level 6. HP: 2/42 MP: 0/0
  4157 | D:3      | Reached skill level 1 in Short Blades
  4825 | D:4      | Noticed a necrophage
  4849 | D:4      | Killed a necrophage
  4850 | D:4      | Reached skill level 5 in Spellcasting
  4997 | D:4      | Reached XP level 7. HP: 26/47 MP: 0/0
  4997 | D:4      | Learned a level 2 spell: Call Imp
  5458 | D:4      | Slain by a phantom

Illustrated notes

Levels and vault maps discovered:
D:1:      wander_arrival_desolate, layout_loops_ring,
          chequers_ecumenical_altar_grove, minmay_misc_feat_ornament,
          hangedman_decor_points
D:2:      layout_basic, kennysheep_generic_room_8, uniq_natasha
D:3:      layout_loops_corners
D:4:      layout_loops_ring

Skill      XL: |  1  2  3  4  5  6 |
---------------+-------------------+-----
Spellcasting   | 4 5 |  5.5
Stealth        | 2 |  2.8
Fighting       | 1 |  1.5
Short Blades   | 1 |  1.7
Dodging        | 3 |  3.3
Unarmed Combat | |  0.1

Action                   |  1- 3 |  4- 6 |  7- 9 || total
-------------------------+-------+-------+-------++-------
Melee: Dagger            |    36 |    58 |     3 ||    97
       Unarmed           |     2 |       |       ||     2
 Cast: Freeze            |    37 |    15 |     8 ||    60
       Frozen Ramparts   |     4 |    20 |     6 ||    30
       Searing Ray       |       |     4 |     1 ||     5
       Ozocubu's Armour  |       |     1 |     1 ||     2
       Call Imp          |       |       |     3 ||     3
       Hailstorm         |       |       |     2 ||     2
  Use: Scroll            |       |     2 |     1 ||     3
       Potion            |       |     3 |     2 ||     5
 Stab: Sleeping          |     2 |     3 |       ||     5
Armor: Robe              |     6 |    15 |     5 ||    26
Dodge: Dodged            |    52 |    42 |    26 ||   120

Table legend: (Time is in decaauts)
 A = Elapsed time spent in this place.
 B = Non-inter-level travel time spent in this place.
 C = Inter-level travel time spent in this place.
 D = Time resting spent in this place.
 E = Time spent auto-exploring this place.
 F = Levels seen in this place.
 G = Mean time per level.
                   A        B        C        D        E       F      G
               +--------+--------+--------+--------+--------+-----+--------+
         Total |   5460 |   5391 |     69 |    685 |   4081 |   4 | 1365.0 |
       Dungeon |   5460 |   5391 |     69 |    685 |   4081 |   4 | 1365.0 |
               +--------+--------+--------+--------+--------+-----+--------+

Top non-repeatable levels by time:
     D:3: 1947 daAuts
     D:1: 1578 daAuts
     D:2: 1532 daAuts
     D:4: 402 daAuts
